 Dungeon Crawl Stone Soup version 0.29.1-15-g9cfb28693d (webtiles) character file.

Game seed: 2279118080321431995

35 Gustavia the Slasher (level 3, 0/27 HPs)
             Began as a Demonspawn Gladiator on Feb 28, 2023.
             Was a Follower of Cheibriados.
             Slain by a gnoll
             ... wielding a +0 spear
              (2 damage)
             ... on level 2 of the Dungeon.
             The game lasted 00:09:40 (1737 turns).

Gustavia the Slasher (Demonspawn Gladiator)         Turns: 1737, Time: 00:09:41

Health: 0/27       AC: 10    Str: 18    XL:     3   Next: 17%
Magic:  3/3        EV: 11    Int: 11    God:    Cheibriados [*.....]
Gold:   67         SH:  0    Dex: 22    Spells: 2/2 levels left

rFire   . . .      SeeInvis .   a - +0 long sword
rCold   . . .      Faith    .   (no shield)
rNeg    . . .      Spirit   .   h - +0 scale mail
rPois   .          Reflect  .   c - +0 helmet
rElec   .          Harm     .   g - +0 cloak
rCorr   .          Rampage  .   (no gloves)
Will    .....                   (no boots)
Stlth   +.........              (no amulet)
HPRegen 0.09/turn               j - +6 ring of dexterity
MPRegen 0.08/turn               (no ring)

@: very slow
A: thin metallic scales 1, powered by death 1
a: Renounce Religion, Bend Time


You were on level 2 of the Dungeon.
You worshipped Cheibriados.
Cheibriados was aware of your devotion.
You visited 1 branch of the dungeon, and saw 2 of its levels.

You collected 67 gold pieces.

Inventory:

Hand Weapons
 a - a +0 long sword (weapon)
Missiles
 e - a javelin (quivered)
Armour
 c - a +0 helmet (worn)
 g - a +0 cloak (worn)
 h - a +0 scale mail (worn)
Jewellery
 j - a +6 ring of dexterity (left hand)
Scrolls
 d - 2 scrolls of identify
 i - a scroll of enchant weapon
Potions
 f - 2 potions of curing {unknown}


   Skills:
 + Level 2.2 Fighting
 + Level 3.1 Long Blades
 + Level 1.9 Throwing
 + Level 1.0 Armour
 + Level 3.1 Dodging
 + Level 0.1 Stealth


You had 2 spell levels left.
You didn't know any spells.
Your spell library was empty.

Dungeon Overview and Level Annotations

Branches:
Dungeon (2/15)

Altars:
Cheibriados

Shops:
D:1 !


Innate Abilities, Weirdness & Mutations

You are partially covered in thin metallic scales. (AC +2)
You regenerate a little health from kills.


Message History

Where to? (? - help)
Okay, then.
(D) Dungeon
Where to? (? - help)
Okay, then.
Unknown command.
(D) Dungeon
Where to? (? - help) (C) Cheibriados Go to which altar? (? - help)
Okay, then.
As you read the scroll labelled LAFUUDIWATI, it crumbles to dust.
It is a scroll of identify.
i - a scroll of enchant weapon Unknown command.
Unknown command.
Press: ? - help, v - describe, . - travel The floor.
The flow of time bends around you. The gnoll hits you but does no damage.
Your extra speed is starting to run out.
The gnoll completely misses you.
You feel yourself slow down. The gnoll hits you but does no damage.
The gnoll hits you but does no damage. The gnoll barely misses you.
The gnoll closely misses you. The gnoll hits you with a +0 spear.
* * * LOW HITPOINT WARNING * * *
You closely miss the gnoll. The gnoll barely misses you. x2
You barely miss the gnoll. The gnoll hits you but does no damage.
The gnoll misses you.
You closely miss the gnoll.
The gnoll hits you from afar with a +0 spear.
* * * LOW HITPOINT WARNING * * *
The gnoll hits you with a +0 spear.
* * * LOW HITPOINT WARNING * * *
You slash the gnoll!
The gnoll is heavily wounded.
The gnoll hits you from afar with a +0 spear.
You die...

#.## #... # #### .# #
#.## # ###...##### # #
#.........# #
#...######.#...###.######
#.......@g........g..g...
#...######g#######.######
# #.#######.# #..gg.....#
###########


You could see 2 gnolls.

Vanquished Creatures
  A gnoll (D:2)
  An endoplasm (D:1)
  A giant cockroach (D:1)
  5 goblins
  A hobgoblin (D:1)
  2 kobolds (D:1)
  2 quokkas (D:1)
  A ball python (D:1)
  4 bats (D:1)
  A frilled lizard (D:2)
  7 rats (D:1)
26 creatures vanquished.

Notes
Turn   | Place    | Note
-------+----------+-------------------------------------------
     0 | D:1      | Gustavia the Demonspawn Gladiator began the quest for the
                  | Orb.
     0 | D:1      | Reached XP level 1. HP: 16/16 MP: 1/1
   118 | D:1      | Gained mutation: You are partially covered in thin metallic
                  | scales. (AC +2) [demonic ancestry]
   118 | D:1      | Reached XP level 2. HP: 16/22 MP: 2/2
  1196 | D:1      | Found Bocahatenk's Distillery.
  1606 | D:2      | Found a faded altar of an unknown god.
  1638 | D:2      | Prayed at the altar of an unknown god.
  1638 | D:2      | Became a worshipper of Cheibriados the Contemplative
  1638 | D:2      | Reached * piety under Cheibriados
  1686 | D:2      | Reached skill level 1 in Armour
  1686 | D:2      | Gained mutation: You regenerate a little health from kills.
                  | [demonic ancestry]
  1686 | D:2      | Reached XP level 3. HP: 4/27 MP: 3/3
  1736 | D:2      | HP: 1/27 [gnoll/+0 spear (3)]
  1737 | D:2      | Slain by a gnoll

Illustrated notes

Levels and vault maps discovered:
D:1:      psy_arrival_radial01, layout_loops_cross, serial_shops,
          nicolae_shop_behind_doors, minmay_pentomino_w4
D:2:      cheibrodos_greedy_goblins, layout_loops_corners,
          chequers_ecumenical_altar_island, kennysheep_generic_room_11

Skill      XL: |  1  2 |
---------------+-------+-----
Long Blades    | 3 |  3.1
Dodging        | 3 |  3.1
Armour         | 1 |  1.0
Fighting       | |  2.2
Throwing       | |  1.9
Stealth        | |  0.1

Action                   || total
-------------------------++-------
Melee: Long sword        ||    81
Invok: Bend Time         ||     1
  Use: Potion            ||     3
       Scroll            ||     1
 Stab: Sleeping          ||     1
Armor: Leather armour    ||    25
       Scale mail        ||    22
Dodge: Dodged            ||    84
